 Dungeon Crawl Stone Soup version 0.27.1-1-g398f81649c (webtiles) character file.

Game seed: 7951356348449691467

561 Destapler the Skirmisher (level 7, -14/59 (62) HPs)
             Began as a Green Draconian Berserker on Sept 9, 2021.
             Was a Priest of Trog.
             Killed by an exploding wight (50 damage)
             ... ignited by their inner flame
             ... on level 5 of the Dungeon.
             The game lasted 00:09:27 (5024 turns).

Destapler the Skirmisher (DrBe)                     Turns: 5024, Time: 00:09:29

HP:   -14/59 (62)   AC:  6    Str: 20    XL:     7   Next: 9%
MP:   7/7           EV: 13    Int:  8    God:    Trog [***...]
Gold: 273           SH:  0    Dex: 11    Spells: 6/6 levels left

rFire    . . .     SeeInvis .   a - +0 mace
rCold    . . .     Faith    .   (no shield)
rNeg     . . .     Spirit   .   (armour unavailable)
rPois    +         Reflect  .   (helmet restricted)
rElec    .         Harm     .   (no cloak)
rCorr    .         Rampage  .   (no gloves)
Will     .....                  (no boots)
Stlth    +.........             (no amulet)
HPRegen  0.19/turn              (no ring)
MPRegen  0.10/turn              (no ring)

@: hasted, lightly drained, very quick
A: breathe noxious fumes, AC +6, unfitting armour, poison resistance,
cold-blooded
a: Breathe Noxious Fumes, Renounce Religion, Berserk, Trog's Hand


You were on level 5 of the Dungeon.
You worshipped Trog.
Trog was most pleased with you.
You visited 1 branch of the dungeon, and saw 5 of its levels.

You collected 273 gold pieces.

Inventory:

Hand Weapons
 a - a +0 mace (weapon)
Missiles
 d - 30 poisoned darts (quivered)
 f - 2 curare-tipped darts
 g - 4 javelins
 l - 16 boomerangs
Wands
 e - a wand of iceblast (4)
Scrolls
 b - 5 scrolls of identify
Potions
 c - 2 potions of ambrosia {unknown}
 h - a potion of invisibility {unknown}
 k - a potion of degeneration {unknown}
 m - 2 potions of curing {unknown}
 n - a potion of haste
 p - a potion of lignification {unknown}
 q - a potion of flight {unknown}


   Skills:
 + Level 5.8 Fighting
 + Level 5.2 Maces & Flails
 + Level 4.8 Dodging


You had 6 spell levels left.
You didn't know any spells.
Your spell library contained the following spells:

 Spells                   Type           Power      Damage    Failure   Level
 Chain Lightning          Conj/Air       0%         N/A       100%        9
 Fire Storm               Conj/Fire      0%         5d1       100%        9


Dungeon Overview and Level Annotations

Branches:
Dungeon (5/15)             Temple (0/1) D:5

Altars:
Hepliaklqana
Uskayaw
Vehumet

Shops:
D:3 ?


Innate Abilities, Weirdness & Mutations

You can breathe blasts of noxious fumes.
Your lurid green scales are hard. (AC +6)
You cannot fit into any form of body armour.
Your system is resistant to poisons. (rPois)
You are cold-blooded and may be slowed by cold attacks.


Message History

You feel forgetful for a moment. The wight barely misses you. x2
As you read the scroll labelled TABEOMI RYDODO, it crumbles to dust.
You hear a loud clanging noise!
It was a scroll of noise.
You hear a shout!
The wight closely misses you. The wight hits you with a +0 scimitar.
You feel drained.
As you read the scroll labelled VAITEO VUEVYU, it crumbles to dust.
You feel aware of your surroundings.
You sensed 1 shop/portal.
It was a scroll of magic mapping.
You have got your breath back.
The wight misses you. The wight hits you with a +0 scimitar!
A wight comes into view. It is wielding a +3 long sword.
As you read the scroll labelled UDEARE PIFAU, it crumbles to dust.
The creatures around you are filled with an inner flame!
It was a scroll of immolation.
The wight hits you from afar with a +2 spear.
The wight completely misses you.
As you read the scroll labelled ULYOLU KAOPING, it crumbles to dust.
It is a scroll of identify.
n - 2 potions of haste The wight hits you but does no damage.
The wight hits you with a +0 scimitar!
You feel yourself speed up. The wight barely misses you. x2
It was a potion of heal wounds.
You feel much better.
The wight hits you from afar with a +2 spear!
You hit the wight but do no damage. The wight hits you but does no damage.
The wight hits you with a +0 scimitar!
You feel drained.
You closely miss the wight.
Your tail-slap misses the wight.
The wight hits you but does no damage.
You thump the wight!
Flame seeps out of the wight.
The wight is heavily damaged.
The wight hits you but does no damage.
You hit the wight.
Flame seeps out of the wight.
The wight is severely damaged.
The wight is engulfed in blazing flames.
Trog accepts your kill.
The wight explodes!
The fiery explosion engulfs you!!!
Ouch! That really hurt!
You die...

*,*#..,,,,,,,>,* *,
*,*#.#**,,**********,
*,*#.# *,,* *,,,,,,
*,*#.# *,,* *,**,,,
*,##.##*,,*** *,*,,,,
*,,...,,,,.,* *,*,,,,
***#z#**,.#.***,*,**,
#z# *....,,,,,,,,,
#@#*#...,,,,,,,,,,
#○##..,*,***,*,***
#§#.#,*,,,,,,,,***
#.)#*,,,>,,,,,,,,,
#.#.#**,,***,,,,,,
#.##.#,*,* *,*,***
#†#*#.#*,* *,*,* *
#.######,* *,*,* *
#......#,* *,*,* *


You could see 2 wights.

Vanquished Creatures
  A black bear (D:4)
  A wight (D:5)
  A howler monkey (D:5)
  A centaur zombie (D:5)
  A hound (D:5)
  An orc priest (D:5)
  Natasha (thrice) (D:4)
  An iguana (D:4)
  A hound skeleton (D:4)
  Robin (D:2)
  8 adders
  3 gnolls (D:3)
  A shadow imp (D:4)
  An ufetubus (D:4)
  3 dart slugs
  6 orcs
  8 ball pythons
  2 bats (D:1)
  8 endoplasms
  5 giant cockroaches
  13 goblins
  9 hobgoblins
  6 jackals
  8 kobolds
  3 quokkas
  5 frilled lizards
  2 rats
103 creatures vanquished.

Notes
Turn   | Place    | Note
-------+----------+-------------------------------------------
     0 | D:1      | Destapler the Draconian Berserker began the quest for the
                  | Orb.
     0 | D:1      | Reached XP level 1. HP: 19/19 MP: 1/1
   285 | D:1      | Reached XP level 2. HP: 26/26 MP: 2/2
   759 | D:2      | Reached XP level 3. HP: 14/33 MP: 3/3
  1393 | D:2      | Reached ** piety under Trog
  1599 | D:1      | Reached XP level 4. HP: 21/40 MP: 4/4
  1859 | D:2      | Noticed Robin
  1889 | D:2      | Killed Robin
  2575 | D:3      | Found Ercham's Magic Scroll Boutique.
  2916 | D:3      | Reached XP level 5. HP: 5/47 MP: 5/5
  3270 | D:3      | Found a radiant altar of Vehumet.
  3345 | D:3      | Reached *** piety under Trog
  3523 | D:3      | Found a hide-covered altar of Uskayaw.
  4203 | D:4      | Noticed Natasha
  4210 | D:4      | Killed Natasha
  4212 | D:4      | Reached skill level 5 in Fighting
  4283 | D:4      | Noticed Natasha
  4288 | D:4      | Killed Natasha
  4290 | D:4      | Reached XP level 6. HP: 56/56 MP: 6/6
  4360 | D:4      | Noticed Natasha
  4370 | D:4      | Killed Natasha
  4788 | D:5      | Entered Level 5 of the Dungeon
  4838 | D:5      | Found a hazy altar of Hepliaklqana.
  4939 | D:5      | Reached skill level 5 in Maces & Flails
  4973 | D:5      | Your scales start taking on a lurid green colour.
  4973 | D:5      | Reached XP level 7. HP: 55/62 MP: 7/7
  4973 | D:5      | Gained mutation: Your system is resistant to poisons.
                  | (rPois) [Green Draconian growth]
  5024 | D:5      | Killed by an exploding wight... ignited by their inner
                  | flame

Illustrated notes

Levels and vault maps discovered:
D:1:      dpeg_arrival_concentric_ovals, layout_loops_ring
D:2:      layout_basic, uniq_robin
D:3:      layout_basic, mainiacjoe_overflow_brackets, nicolae_uskayaw_suspiria,
          serial_shops, nicolae_shop_behind_doors, minmay_tree_intersection,
          minmay_hedge_maze
D:4:      layout_cave_pools, uniq_natasha
D:5:      layout_loops_ring, worldfamousw_hep_ancestral_shrine,
          minmay_temple_entry_proselytizer, serial_shops,
          nicolae_shop_behind_doors, uniq_grinder

Skill      XL: |  1  2  3  4  5  6 |
---------------+-------------------+-----
Dodging        | 3 4 |  4.8
Fighting       | 4 5 |  5.8
Maces & Flails | 4 5 |  5.2

Action                   |  1- 3 |  4- 6 |  7- 9 || total
-------------------------+-------+-------+-------++-------
Melee: Mace              |   103 |   215 |    10 ||   328
       Tailslap          |     9 |    21 |       ||    30
Throw: Dart              |       |    14 |       ||    14
Invok: Berserk           |       |     4 |       ||     4
       Trog's Hand       |       |     1 |       ||     1
 Abil: Breathe Noxious F |       |       |     1 ||     1
  Use: Scroll            |       |       |     5 ||     5
       Potion            |       |       |     2 ||     2
 Stab: Sleeping          |     1 |     1 |       ||     2
       Confused          |       |       |     1 ||     1
Armor: Skin              |    36 |    91 |     4 ||   131
Dodge: Dodged            |   102 |   175 |    10 ||   287
